 Dungeon Crawl Stone Soup version 0.22-a0-348-gd16d139 (webtiles) character file.

119 Amnesiac the Ducker (level 4, 0/28 HPs)
             Began as a Deep Elf Fighter on Apr 11, 2018.
             Was a Follower of Kikubaaqudgha.
             Slain by a gnoll
             ... wielding a cursed -3 spear
              (3 damage)
             ... on level 3 of the Dungeon.
             The game lasted 00:07:20 (3320 turns).

Amnesiac the Ducker (Deep Elf Fighter)              Turns: 3320, Time: 00:07:21

Health: 0/28       AC:  6    Str: 14    XL:     4   Next: 73%
Magic:  6/6        EV:  8    Int: 13    God:    Kikubaaqudgha [*.....]
Gold:   172        SH:  0    Dex: 14    Spells: 3/3 levels left

rFire    . . .     SeeInvis .   a - +0 long sword
rCold    . . .     Gourm    .   c - +0 shield
rNeg     . . .     Faith    .   g - +0 scale mail
rPois    .         Spirit   .   (no helmet)
rElec    .         Reflect  .   (no cloak)
rCorr    .         Harm     .   (no gloves)
MR       .....                  (no boots)
Stlth    ..........             (no amulet)
HPRegen  0.09/turn              (no ring)
MPRegen  0.10/turn              (no ring)

@: confused
A: no striking features
a: Receive Corpses, Renounce Religion


You were on level 3 of the Dungeon.
You worshipped Kikubaaqudgha.
Kikubaaqudgha was aware of your devotion.
You were not hungry.

You visited 1 branch of the dungeon, and saw 4 of its levels.

You collected 172 gold pieces.

Inventory:

Hand Weapons
 a - a +0 long sword (weapon)
 b - a +0 hunting sling
 w - a +1 dagger of flaming
Missiles
 m - 45 stones (quivered)
 n - 58 arrows
 v - 18 poisoned needles
 x - 19 sling bullets
Armour
 c - a +0 shield (worn)
 g - a +0 scale mail (worn)
 t - a +0 buckler
Jewellery
 r - a cursed ring of teleportation {unknown}
Wands
 o - a wand of polymorph (19)
 z - a wand of digging (16)
Scrolls
 e - a scroll of fear {!r, unknown}
 h - a scroll of blinking {!r, unknown}
 k - 2 scrolls of fog {!r, unknown}
 l - 3 scrolls of identify {!r, unknown}
 s - 2 scrolls of remove curse {!r, unknown}
 y - a scroll of random uselessness {!r, unknown}
 A - a scroll of enchant armour {!r, unknown}
Potions
 d - 3 potions of might {!q}
 i - 2 potions of haste {!q}
Comestibles
 f - 7 rations
 q - 4 chunks of flesh


   Skills:
 - Level 3.0 Fighting
 - Level 2.0 Long Blades
 - Level 3.0 Armour
 - Level 3.1 Dodging
 + Level 2.8 Shields


You had 3 spell levels left.
You didn't know any spells.

Dungeon Overview and Level Annotations

Branches:
Dungeon (4/15)
 Temple: D:4-7

Altars:
Kikubaaqudgha
Ru
Wu Jian

Annotations:
D:4 Blork the orc


Message History

You nearly hit yourself!
The gnoll hits you but does no damage.
You swing at nothing.
The gnoll hits you with a spear.
* * * LOW HITPOINT WARNING * * *
You completely miss the gnoll.
The gnoll is lightly wounded.
The golden eye turns its gaze towards you.
The gnoll completely misses you. The golden eye blinks at you.
You are more confused.
The gnoll completely misses you.
You nearly hit yourself!
The gnoll hits you but does no damage.
You swing at nothing.
The golden eye turns its gaze towards you.
The golden eye pulsates ominously.
The golden eye blinks at you.
You are more confused.
The gnoll hits you but does no damage.
You swing at nothing.
Your transformation is almost over.
The golden eye blinks!
The gnoll hits you but does no damage.
You barely miss the gnoll.
The gnoll is lightly wounded.
The gnoll hits you but does no damage.
The golden eye blinks!
The gnoll barely misses you. The golden eye blinks at you.
You are more confused.
You swing at nothing.
The golden eye blinks!
The gnoll hits you but does no damage.
You swing at nothing.
The golden eye blinks at you.
You are more confused.
The gnoll hits you but does no damage. The golden eye blinks at you.
The gnoll hits you but does no damage.
You swing at nothing.
The golden eye blinks at you. You resist with some effort.
The gnoll hits you but does no damage. The golden eye blinks at you.
You are more confused.
You miss the gnoll.
The gnoll is lightly wounded.
The golden eye blinks at you.
You are more confused.
The gnoll hits you with a spear.
* * * LOW HITPOINT WARNING * * *
You swing at nothing.
The golden eye blinks at you.
You easily resist.
The gnoll hits you but does no damage. The gnoll completely misses you.
You swing at nothing.
The gnoll hits you but does no damage. The golden eye blinks at you.
You are more confused.
You swing at nothing.
You feel less wooden. The gnoll closely misses you.
The golden eye blinks at you.
You are more confused.
The gnoll hits you but does no damage. The golden eye blinks at you.
You are more confused.
The golden eye blinks at you.
The gnoll hits you from afar with a spear.
You die...
Kikubaaqudgha rasps: "You have failed me!
Welcome... death!"

##..>...............##
#####.#.(.#..........#..#
#.......>..........##.##.
#.........####.####.###.#
#..............# ##.#.##
#.....)...####.# ##.##
#.........# #.# #.#
#.....gG..####.# ##.##
#.......@...##<# #...#
#.........#.##.# #...#
#.........#.##.#####...##
#####.#####.##...........
#.# ###.##.#######.## #.#
#......# #.## #.#
#.#.#..# #.## #.#
#......#######.## #.#
#.#.#.#..........


You could see a gnoll and a golden eye.

Vanquished Creatures
  A gnoll (D:4)
  2 adders (D:3)
  An ooze (D:3)
  3 worms
  2 dart slugs
  4 leopard geckos
  2 orcs
  2 ball pythons
  4 giant cockroaches
  7 goblins
  6 hobgoblins
  4 jackals (D:3)
  8 kobolds
  A quokka (D:4)
  6 bats
  4 frilled lizards
  A quokka skeleton (D:4)
  11 rats
69 creatures vanquished.

Vanquished Creatures (others)
  4 toadstools (D:1)
4 creatures vanquished.

Grand Total: 73 creatures vanquished

Notes
Turn   | Place    | Note
-------+----------+-------------------------------------------
     0 | D:1      | Amnesiac the Deep Elf Fighter began the quest for the Orb.
     0 | D:1      | Reached XP level 1. HP: 13/13 MP: 3/3
   111 | D:1      | Reached skill level 1 in Dodging
   192 | D:1      | Reached XP level 2. HP: 16/18 MP: 4/4
  1270 | D:2      | Reached XP level 3. HP: 22/22 MP: 5/5
  1384 | D:2      | Found a sacrificial altar of Ru.
  1397 | D:2      | Found an ancient bone altar of Kikubaaqudgha.
  1860 | D:2      | Became a worshipper of Kikubaaqudgha
  2258 | D:3      | Reached XP level 4. HP: 18/27 MP: 6/6
  2320 | D:3      | Found an ornate altar of the Wu Jian Council.
  2886 | D:4      | Noticed an ogre
  2889 | D:4      | Noticed a golden eye
  2889 | D:4      | an ogre changed into a golden eye
  2896 | D:4      | Reached * piety under Kikubaaqudgha
  2896 | D:4      | Identified Kikubaaqudgha's Tome of Evil (Kikubaaqudgha gifted it to you on level 4 of the Dungeon)
  2896 | D:4      | Received a gift from Kikubaaqudgha
  3218 | D:4      | Noticed Blork the orc
  3320 | D:3      | Slain by a gnoll

Vault maps used:
D:1:      ldierk_water_garden, st_stairs_7
D:2:      overflow_temple_1_default, first_ration, hangedman_decor_push,
          nicolae_ru_path_of_blood
D:3:      old_standard_altar
D:4:      uniq_blork_the_orc

Skill      XL: |  1  2  3  4 |
---------------+-------------+-----
Long Blades    | 2 |  2.0
Dodging        | 1 2 3 |  3.1
Armour         | 3 |  3.0
Fighting       | 3 |  3.0
Shields        | |  2.8

Action                   |  1- 3 |  4- 6 || total
-------------------------+-------+-------++-------
Melee: Long sword        |   168 |    98 ||   266
 Fire: Hunting sling     |    27 |       ||    27
Evoke: Wand              |       |     1 ||     1
  Use: Potion            |       |     5 ||     5
  Eat: Chunk             |     5 |     3 ||     8
Armor: Scale mail        |    93 |    50 ||   143
       Skin              |       |    21 ||    21
Dodge: Dodged            |    83 |    36 ||   119
Block: Shield            |   119 |    33 ||   152
       Rpst.: Long sword |    25 |     7 ||    32

Table legend:
 A = Spawn XP
 B = Non-spawn XP
 C = Spawn XP percentage of total XP
 D = Spawn monster count
 E = Non-spawn monster count
 F = Spawn count percentage of total count
 G = Total turns spent on level
                    A         B        C        D         E        F      G
               +---------+---------+-------+---------+---------+-------+---------
         Total |       0 |     170 |   0.0 |       0 |      69 |   0.0 |  3320
               +---------+---------+-------+---------+---------+-------+---------
           D:1 |       0 |      36 |   0.0 |       0 |      19 |   0.0 |  1197
           D:2 |       0 |      45 |   0.0 |       0 |      24 |   0.0 |   885
           D:3 |       0 |      67 |   0.0 |       0 |      21 |   0.0 |   806
           D:4 |       0 |      22 |   0.0 |       0 |       5 |   0.0 |   432
               +---------+---------+-------+---------+---------+-------+---------
